 Dungeon Crawl Stone Soup version 0.31-a0-175-g9f7f995f2b (webtiles) character file.

Game seed: 12049687353523949908

94 innerfire43 the Poker (level 4, -3/35 HPs)
             Began as a Demonspawn Monk on June 17, 2023.
             Slain by a hobgoblin (4 damage)
             ... led by Robin
             ... on level 4 of the Dungeon.
             The game lasted 00:04:40 (2743 turns).

innerfire43 the Poker (Demonspawn Monk)             Turns: 2743, Time: 00:04:40

Health: -3/35      AC:  3    Str: 14    XL:     4   Next: 38%
Magic:  2/4        EV: 13    Int: 11    God:
Gold:   90         SH:  4    Dex: 15    Spells: 2/3 levels left

rFire   + . .        s - staff of poison
rCold   . . .        d - orb {light}
rNeg    . . .        b - +0 robe
rPois   +            r - +0 helmet
rElec   .            (no cloak)
rCorr   .            (no gloves)
SInv    .            (no boots)
Will    .....        (no amulet)
Stlth   +            k - ring of protection from fire
HPRegen 0.25/turn    (no ring)
MPRegen 0.09/turn

%: no passive effects
@: glowing
A: large bone plates 1, powered by death 1
a: no special abilities


You were on level 4 of the Dungeon.
You visited 1 branch of the dungeon, and saw 4 of its levels.

You collected 153 gold pieces.
You spent 63 gold pieces at shops.

Inventory:

Hand Weapons
 a - a +0 spear
Armour
 b - a +0 robe (worn)
 d - an orb of light (worn)
 r - a +0 helmet (worn)
Magical Staves
 s - a staff of poison (weapon)
Jewellery
 k - a ring of protection from fire (left hand)
Scrolls
 f - a scroll of vulnerability {unknown}
 g - 3 scrolls of amnesia {unknown}
 i - 3 scrolls of fear {unknown}
 j - 4 scrolls of teleportation {unknown}
 l - 3 scrolls of silence {unknown}
 p - 2 scrolls of enchant armour {unknown}
Potions
 c - 2 potions of ambrosia
 e - 2 potions of enlightenment {unknown}
 h - a potion of heal wounds
 m - 3 potions of mutation
 n - 3 potions of degeneration
 o - 3 potions of curing {unknown}
 q - a potion of haste {unknown}


   Skills:
 - Level 3.4 Fighting
 - Level 3.7 Polearms
 + Level 3.2 Dodging
 - Level 0.1 Stealth
 * Level 0.3 Spellcasting
 * Level 0.2 Conjurations
 * Level 0.7 Air Magic


You had 2 spell levels left.
You knew the following spells:

 Your Spells              Type           Power      Damage    Failure   Level
a - Shock                 Conj/Air       4%         1d3       28%         1

Your spell library contained the following spells:

 Spells                   Type           Power      Damage    Failure   Level
 Blink                    Tloc           0%         N/A       45%         2
 Lesser Beckoning         Tloc           0%         N/A       45%         2
 Momentum Strike          Conj/Tloc      0%         3d8       45%         2
 Swiftness                Air            1%         N/A       58%         3
 Gell's Gravitas          Tloc           0%         N/A       71%         3
 Teleport Other           Tloc           0%         N/A       71%         3
 Tukima's Dance           Hex            0%         N/A       71%         3
 Airstrike                Air            0%         2d(1-17)  94%         4
 Passage of Golubria      Tloc           0%         N/A       98%         4
 Yara's Violent Unravell  Hex/Tmut       0%         3d3       100%        5


Dungeon Overview and Level Annotations

Branches:
Dungeon (4/15)
 Temple: D:4-7

Altars:
Xom

Shops:
D:2 (*

Annotations:
D:4 Robin


Innate Abilities, Weirdness & Mutations

You are partially covered in large bone plates. (SH +4)
You regenerate a little health from kills.


Message History

The zap hits the gnoll.
The gnoll is lightly wounded.
The hound bites you. The goblin hits you but does no damage.
You block the goblin's attack. The goblin hits you with a +0 dagger.
The goblin closely misses you. The hobgoblin closely misses you.
You block the hound's attack.
You closely miss the goblin.
The goblin is moderately wounded.
Your attacks no longer feel as feeble.
The hound barely misses you.
A gnoll comes into view. It is wielding a +0 flail.
The goblin barely misses you. x3
The hobgoblin hits you but does no damage.
The goblin hits you with a +0 dagger.
You hit the goblin.
You kill the goblin!
The hound closely misses you. You block the goblin's attack.
The goblin hits you but does no damage. The hobgoblin misses you.
The goblin closely misses you. The goblin misses you.
The hound completely misses you. The hobgoblin attacks as you move away!
The hobgoblin hits you.
* * * LOW HITPOINT WARNING * * *
The hound bites you.
* * * LOW HITPOINT WARNING * * *
The hobgoblin barely misses you. The goblin hits you but does no damage.
The goblin barely misses you. The goblin hits you with a +0 dagger.
* * * LOW HITPOINT WARNING * * *
The hound misses you.
Things that are here:
a +0 club; 18 gold pieces; a goblin corpse You hit the goblin.
The goblin is heavily wounded.
The hobgoblin barely misses you. The goblin hits you with a +0 dagger.
* * * LOW HITPOINT WARNING * * *
The goblin hits you with a +0 dagger.
* * * LOW HITPOINT WARNING * * *
The goblin misses you. Robin throws the goblin at you!
* * * LOW HITPOINT WARNING * * *
The hobgoblin hits you.
You die...

........s
..!...)..
#........
#........
##Kgg......
##ggg...<....
##gg........?.
####gghBg........
#...g@gg.#.......
#...g.g..........
#................
#................
##.......<.......
#.##............
###......##..>.?
#..##<..##....
#####...# ..#


You could see a gnoll bouda, a hound, Robin, 4 gnolls, a giant cockroach, 3
hobgoblins, 6 goblins and a kobold.

Vanquished Creatures
  An adder (D:3)
  4 worms
  3 dart slugs
  2 orcs (D:3)
  7 ball pythons
  3 bats
  7 endoplasms
  2 giant cockroaches (D:3)
  4 goblins
  9 hobgoblins
  5 kobolds
  4 quokkas
  5 frilled lizards
  4 rats
60 creatures vanquished.

Notes
Turn   | Place    | Note
-------+----------+-------------------------------------------
     0 | D:1      | innerfire43 the Demonspawn Monk began the quest for the
                  | Orb.
     0 | D:1      | Reached XP level 1. HP: 18/18 MP: 1/1
   124 | D:1      | Gained mutation: You regenerate a little health from kills.
                  | [demonic ancestry]
   124 | D:1      | Reached XP level 2. HP: 8/24 MP: 2/2
   977 | D:2      | Reached XP level 3. HP: 17/29 MP: 3/3
  1278 | D:2      | Found a shimmering altar of Xom.
  1540 | D:2      | Found Momedim's General Store.
  1547 | D:2      | Bought a +0 helmet for 63 gold pieces
  1740 | D:2      | Found Jepoja's Antique Weapon Boutique.
  1882 | D:3      | Learned a level 1 spell: Shock
  2274 | D:3      | Gained mutation: You are partially covered in large bone
                  | plates. (SH +4) [demonic ancestry]
  2274 | D:3      | Reached XP level 4. HP: 31/35 MP: 4/4
  2731 | D:4      | Noticed Robin
  2732 | D:4      | Noticed a scorpion
  2743 | D:4      | HP: 1/35 [Robin/goblin (2)]
  2743 | D:4      | Slain by a hobgoblin

Illustrated notes

Levels and vault maps discovered:
D:1:      dpeg_arrival_rooms_b, layout_loops_corners, minmay_circled_x
D:2:      layout_basic, serial_shops, shop, nicolae_shop_tiny_glass, basic_altar
D:3:      minmay_chambers_of_threes, layout_basic, serial_bayou,
          serial_bayou_shore_a, serial_bayou_pond_d, serial_bayou_pond_e,
          serial_bayou_shore_b, serial_bayou_pond_b
D:4:      layout_cave_pools, corexii_shack, uniq_duvessa, uniq_ijyb, uniq_robin,
          uniq_crazy_yiuf_cottage

Skill      XL: |  1  2 |
---------------+-------+-----
Dodging        | 3 |  3.2
Polearms       | 3 |  3.7
Fighting       | |  3.4
Stealth        | |  0.1
Spellcasting   | |  0.3
Conjurations   | |  0.2
Air Magic      | |  0.7

Action                     |  1- 3 |  4- 6 || total
---------------------------+-------+-------++-------
  Melee: Spear             |   158 |    63 ||   221
         Staff             |       |     7 ||     7
   Cast: Shock             |       |     2 ||     2
    Use: Scroll            |     4 |       ||     4
 Armour: Robe              |    22 |    31 ||    53
  Dodge: Dodged            |    58 |    69 ||   127
  Block: Orb               |       |    21 ||    21

Table legend: (Time is in decaauts)
 A = Elapsed time spent in this place.
 B = Non-inter-level travel time spent in this place.
 C = Inter-level travel time spent in this place.
 D = Time resting spent in this place.
 E = Time spent auto-exploring this place.
 F = Levels seen in this place.
 G = Mean time per level.
                   A        B        C        D        E       F      G
               +--------+--------+--------+--------+--------+-----+--------+
         Total |   2736 |   2679 |     57 |      0 |   2285 |   4 |  684.0 |
       Dungeon |   2736 |   2679 |     57 |      0 |   2285 |   4 |  684.0 |
               +--------+--------+--------+--------+--------+-----+--------+

Top non-repeatable levels by time:
     D:3: 932 daAuts
     D:1: 903 daAuts
     D:2: 877 daAuts
     D:4: 23 daAuts
